 Dungeon Crawl Stone Soup version 0.22.0-13-g43fe8f2 (webtiles) character file.

11 digijack the Grasshopper (level 2, 26/26 HPs)
             Began as a Gnoll Warper on Aug 16, 2018.
             Got out of the dungeon alive.
             The game lasted 00:02:17 (253 turns).

digijack the Grasshopper (Gnoll Warper)              Turns: 253, Time: 00:02:18

Health: 26/26      AC:  3    Str: 13    XL:     2   Next: 25%
Magic:  7/7        EV: 14    Int: 15    God:
Gold:   8          SH:  0    Dex: 14    Spells: 10/10 levels left

rFire    . . .     SeeInvis .   a - +0 falchion
rCold    . . .     Gourm    .   (no shield)
rNeg     . . .     Faith    .   b - +0 leather armour
rPois    .         Spirit   .   (no helmet)
rElec    .         Reflect  .   (no cloak)
rCorr    .         Harm     .   (no gloves)
MR       .....                  (no boots)
Stlth    +.........             (no amulet)
HPRegen  0.08/turn              (no ring)
MPRegen  0.10/turn              (no ring)

@: no status effects
A: distributed training, fangs 1, strong nose
a: no special abilities


You escaped.
You were not hungry.

You visited 1 branch of the dungeon, and saw 1 of its levels.

You collected 8 gold pieces.

Inventory:

Hand Weapons
 a - a +0 falchion (weapon)
Missiles
 e - 5 tomahawks of dispersal (quivered)
Armour
 b - a +0 leather armour (worn)
Scrolls
 d - a scroll of blinking
Potions
 c - a potion of heal wounds
 g - a potion of resistance {unknown}
 j - a potion of mutation {unknown}
Comestibles
 f - 3 rations
 i - 4 chunks of flesh


   Skills:
 + Level 4.4 Fighting
 + Level 0.3 Short Blades
 + Level 4.4 Long Blades
 + Level 0.3 Axes
 + Level 0.3 Maces & Flails
 + Level 0.3 Polearms
 + Level 0.3 Staves
 + Level 0.3 Slings
 + Level 0.3 Bows
 + Level 0.3 Crossbows
 + Level 2.4 Throwing
 + Level 2.4 Armour
 + Level 4.4 Dodging
 + Level 0.3 Stealth
 + Level 0.3 Shields
 + Level 0.3 Unarmed Combat
 + Level 4.9 Spellcasting
 + Level 0.2 Conjurations
 + Level 0.2 Hexes
 + Level 0.2 Charms
 + Level 0.2 Summonings
 + Level 0.2 Necromancy
 + Level 5.3 Translocations
 + Level 0.2 Transmutations
 + Level 0.2 Fire Magic
 + Level 0.2 Ice Magic
 + Level 0.2 Air Magic
 + Level 0.2 Earth Magic
 + Level 0.2 Poison Magic
 + Level 0.4 Invocations
 + Level 0.3 Evocations


You had 10 spell levels left.
You didn't know any spells.
Your spell library contained the following spells:

 Spells                   Type           Power        Failure   Level  Hunger
 Teleport Other           Tloc           ###.....     7%          3    ###....
 Blink                    Tloc           N/A          3%          2    ##.....
 Passage of Golubria      Tloc           N/A          22%         4    ####...
 Shroud of Golubria       Chrm/Tloc      ##........   10%         2    ##.....
 Gell's Gravitas          Tloc           ###.......   7%          3    ###....
 Lesser Beckoning         Tloc           ###.......   7%          3    ###....


Dungeon Overview and Level Annotations

Branches:
Dungeon (1/15)

Altars:


Innate Abilities, Weirdness & Mutations

Your experience applies equally to all skills.
You have very sharp teeth.
Your uncanny sense of smell can sniff out nearby items.


Message History

You miss the frilled lizard. Your bite misses the frilled lizard.
The frilled lizard closely misses you.
You slash the frilled lizard!
You kill the frilled lizard!
You see here a frilled lizard corpse.
You butcher the frilled lizard corpse.
i - 4 chunks of flesh (gained 1)
Okay, then.
You enter the shallow water.
Moving in this stuff is going to be slow.
You enter the shallow water.
Moving in this stuff is going to be slow.
You enter the shallow water.
Moving in this stuff is going to be slow.
There is a large open door here.
There is a large open door here.
There is a large open door here.
There is a staircase leading out of the dungeon here.
Are you sure you want to leave the Dungeon?
This will make you lose the game!
You have escaped!

##.## #≈.#≈..........≈#.≈......#
#.# #≈.#≈≈≈≈≈..≈≈≈≈≈#.≈......#
#.# #≈.######''######.≈......#
#.# #≈.#............#.≈......#
#.# #≈.#≈≈≈≈≈..≈≈≈≈§#.≈......#
#.# ##≈.#≈≈≈≈≈..≈≈≈≈§#.≈......#
#.# ##.≈.#..........§§#.≈......#
#.# #..≈.######''######.≈.......
#.###..≈8#.....@......#8≈###.#.#
#..##..≈.##############.≈ ##.#.#
##.##..≈..8.. 8..≈ #....#
#.##..≈≈≈≈≈≈ ≈≈ #.#...
#.##........ #.#..# #.##.....>..
#....# #.##........ ......
#.##........ ...#. #..#........
#...


There were no monsters in sight!

Vanquished Creatures
  2 dart slugs (D:1)
  A leopard gecko (D:1)
  A goblin (D:1)
  A kobold (D:1)
  A frilled lizard (D:1)
6 creatures vanquished.

Notes
Turn   | Place    | Note
-------+----------+-------------------------------------------
     0 | D:1      | digijack the Gnoll Warper began the quest for the Orb.
     0 | D:1      | Reached XP level 1. HP: 20/20 MP: 6/6
   129 | D:1      | Reached XP level 2. HP: 26/26 MP: 7/7
   253 | D:$      | Got out of the dungeon alive.

Action                   || total
-------------------------++-------
Melee: Falchion          ||    14
       Bite              ||     3
  Use: Potion            ||     1
       Scroll            ||     1
Armor: Leather armour    ||     2
Dodge: Dodged            ||     9
       Rpst.: Falchion   ||     1
